 Dungeon Crawl Stone Soup version 0.17.0-26-gececa24 (console) character file.

28 gw the Insei (level 2, -11/24 HPs)
             Began as a Demonspawn Monk on Nov 20, 2015.
             Mangled by Crazy Yiuf
             ... wielding a +3 quarterstaff of chaos
              (14 damage)
             ... on level 2 of the Dungeon.
             The game lasted 00:00:38 (897 turns).

gw the Insei (Demonspawn Monk)                       Turns: 897, Time: 00:00:38

Health: -11/24     AC:  3    Str: 11    XL:     2   Next: 96%
Magic:  2/2        EV: 13    Int: 11    God:
Gold:   50         SH:  0    Dex: 15    Spells: 0 memorised, 1 level left

rFire  . . .     SeeInvis .       - Unarmed
rCold  . . .     Clarity  +     a - +0 robe
rNeg   . . .     SustAt   .     (no shield)
rPois  +         Gourm    .     (no helmet)
rElec  .         Spirit   .     (no cloak)
rCorr  .         Warding  .     (no gloves)
rMut   .         Stasis   .     d - +0 pair of boots
MR     .....                    h - amulet of clarity
Stlth  ++........               (no ring)
                                k - ring of poison resistance

@: lethally poisoned (-11 -> -17), not resistant to hostile enchantments,
unstealthy
A: demonic guardian 1
a: no special abilities


You were on level 2 of the Dungeon.
You were not hungry.

You visited 1 branch of the dungeon, and saw 2 of its levels.

You collected 50 gold pieces.

Inventory:

Missiles
 c - 48 stones
 e - 2 tomahawks (quivered)
 g - 7 needles of confusion
Armour
 a - a +0 robe (worn)
 d - a +0 pair of boots (worn)
Jewellery
 h - an amulet of clarity (around neck)
 k - a ring of poison resistance (left hand)
Scrolls
 l - a scroll of enchant weapon {unknown}
 m - a scroll of enchant armour {unknown}
Potions
 i - a potion of cancellation {unknown}
 j - a potion of haste {unknown}
Comestibles
 b - a bread ration
 f - a royal jelly


   Skills:
 + Level 3.2 Fighting
 + Level 0.6 Throwing
 + Level 0.6 Armour
 - Level 2.6 Dodging
 - Level 1.7 Stealth
 * Level 4.1 Unarmed Combat


You had one spell level left.
You didn't know any spells.

Dungeon Overview and Level Annotations

Branches:
Dungeon (2/15)

Altars:

Annotations:
D:2 Crazy Yiuf


Innate Abilities, Weirdness & Mutations

A weak demonic guardian rushes to your aid.


Message History

ATTACK MOVE TO (0,-1)
You closely miss Crazy Yiuf.
Crazy Yiuf is almost dead.
Crazy Yiuf zaps a wand.
You resist with significant effort.
ATTACK MOVE TO (0,-1)
You hit Crazy Yiuf but do no damage.
Crazy Yiuf is almost dead.
Crazy Yiuf closely misses you.
ATTACK MOVE TO (0,-1)
You closely miss Crazy Yiuf.
Crazy Yiuf is almost dead.
Crazy Yiuf hits you with a quarterstaff of chaos!
You are lethally poisoned!
ATTACK MOVE TO (0,-1)
You barely miss Crazy Yiuf.
Crazy Yiuf is almost dead.
You feel sick.
Crazy Yiuf hits you with a quarterstaff of chaos!
Ouch! That really hurt!
You die... ##### #)..# #...# .5. .###. #g# ..?. 7677

... 77.7 .. 7.77
##. 77.7 #.. 77.77
####.# #####
77...7 .# #.....
#...# 7....7 ..
...### #...#
#....# .## ###
#...####....###..#
#..


You could see Crazy Yiuf and a quasit.

Table legend:
 A = Turns spent in this place as a percentage of turns spent in the entire game.
 B = Non-inter-level travel turns spent in this place as a percentage of non-inter-level travel turns spent in the entire game.
 C = Inter-level travel turns spent in this place as a percentage of turns spent in this place.
 D = Turns resting spent in this place as a percentage of non-inter-level travel turns spent in this place.
 E = Turns spent auto-exploring this place as a percentage of non-inter-level travel turns spent in this place.
 F = Non-inter-level travel turns spent in this place divided by the number of levels of this place that you've seen.
                   A       B       C       D       E      F
               +-------+-------+-------+-------+-------+----------------------
         Total | 100.0 | 100.0 |   0.1 |   0.4 |   2.6 | 728.0
       Dungeon | 100.0 | 100.0 |   0.1 |   0.4 |   2.6 | 728.0
               +-------+-------+-------+-------+-------+----------------------

Table legend:
 A = Kills in this place as a percentage of kills in entire the game.
 B = Kills by you in this place as a percentage of kills by you in the entire game.
 C = Kills by friends in this place as a percentage of kills by friends in the entire game.
 D = Other kills in this place as a percentage of other kills in the entire game.
 E = Experience gained in this place as a percentage of experience gained in the entire game.
 F = Experience gained in this place divided by the number of levels of this place that you have seen.
                   A       B       C       D       E      F
               +-------+-------+-------+-------+-------+----------------------
         Total | 100.0 | 100.0 |  -nan |  -nan | 100.0 |  20.0
       Dungeon | 100.0 | 100.0 |  -nan |  -nan | 100.0 |  20.0
               +-------+-------+-------+-------+-------+----------------------

Vanquished Creatures
  An ooze (D:1)
  3 bats (D:1)
  5 hobgoblins
  5 jackals
  A giant gecko (D:1)
  A goblin (D:1)
  4 kobolds (D:1)
  A rat (D:1)
21 creatures vanquished.

Notes
Turn   | Place    | Note
--------------------------------------------------------------
     0 | D:1      | gw the Demonspawn Monk began the quest for the Orb.
     0 | D:1      | Reached XP level 1. HP: 18/18 MP: 1/1
   181 | D:1      | Gained mutation: A weak demonic guardian rushes to your aid. [demonic ancestry]
   181 | D:1      | Reached XP level 2. HP: 17/24 MP: 2/2
   620 | D:1      | Reached skill level 4 in Unarmed Combat
   885 | D:2      | Noticed Crazy Yiuf
   897 | D:2      | Mangled by Crazy Yiuf

Action                   || total
-------------------------++-------
Melee: Unarmed           ||    56
Throw: Tomahawk          ||    18
       Stone             ||     6
  Use: Scroll            ||     2
       Potion            ||     1
 Stab: Sleeping          ||     1

Vault maps used:
D:1:      lightli_arrival_noodles, hex_medium, hangedman_decor_slide_cut,
          grunt_decor_mini_mirrors
D:2:      lemuel_crystal_altar, kennysheep_cross_bottleneck, uniq_terence,
          uniq_crazy_yiuf_cottage
